 Dungeon Crawl Stone Soup version 0.27.0-1-g7a089689b8 (webtiles) character file.

Game seed: 1132737804486560966

221107 wakim the Devastator (level 19, -2/110 HPs)
             Began as a Tengu Air Elementalist on Aug 15, 2021.
             Was a High Priest of Sif Muna.
             Slain by a salamander (5 damage)
             ... on level 3 of the Snake Pit.
             The game lasted 03:04:11 (59771 turns).

wakim the Devastator (Tengu Air Elementalist)      Turns: 59771, Time: 03:04:11

Health: -2/110     AC: 16    Str: 11    XL:     19   Next: 19%
Magic:  46/46      EV: 19    Int: 34    God:    Sif Muna [*****.]
Gold:   223        SH:  6    Dex: 15    Spells: 10/42 levels left

rFire    + . .     SeeInvis .   f - staff of air
rCold    + + .     Faith    .   V - +1 buckler {rC+}
rNeg     . . .     Spirit   .   b - +1 leather armour "Erad" {rC+ Will+}
rPois    +         Reflect  .   s - +3 hat of Pondering {ponderous, Will+ MP+10 Int+5}
rElec    +         Harm     .   Q - +2 cloak {rPois}
rCorr    .         Rampage  .   n - +1 pair of gloves
Will     +++++                  (boots unavailable)
Stlth    ++........             g - amulet "Qoropticw" {RegenMP rElec Will++ Str-3 Int+4}
HPRegen  0.28/turn              d - ring of protection from fire
MPRegen  0.55/turn              i - ring "Vegicvi" {AC+4 Str+4 Int+3 Slay+3}

@: flying quickly and evasively, studying Poison Magic
A: beak, talons 3, nimble flight
}: 1/15 runes: decaying
a: Renounce Religion, Channel Magic, Forget Spell, Divine Exegesis


You were on level 3 of the Snake Pit.
You worshipped Sif Muna.
Sif Muna was extremely pleased with you.
You visited 6 branches of the dungeon, and saw 31 of its levels.
You also visited: Sewer, Gauntlet and Ice Cave.

You collected 4480 gold pieces.
You spent 4257 gold pieces at shops.

Inventory:

Hand Weapons
 a - the +7 captain's cutlass {speed, disarm}
   (You found it in a Gauntlet)

   Attacks with this weapon are significantly faster.
   It may disarm weapon-wielding foes when striking them, dealing extra damage
   in the process.
Missiles
 h - 4 throwing nets {=f!f}
Armour
 b - the +1 leather armour "Erad" (worn) {rC+ Will+}
   (You found it on level 1 of the Orcish Mines)

   rC:        It protects you from cold.
   Will:      It increases your willpower.
 n - a +1 pair of gloves (worn)
 p - the +0 hat of the Sunfish {rF+ Str+6 Dex-3}
   (You found it on level 4 of the Dungeon)

   Str:       It affects your strength (+6).
   Dex:       It affects your dexterity (-3).
   rF:        It protects you from fire.
 s - the +3 hat of Pondering (worn) {ponderous, Will+ MP+10 Int+5}
   (You bought it in a shop on level 14 of the Dungeon)

   Int:       It affects your intelligence (+5).
   MP:        It affects your magic capacity (+10).
   Will:      It increases your willpower.
 Q - a +2 cloak of poison resistance (worn)
 V - a +1 buckler of cold resistance (worn)
Magical Staves
 f - a staff of air (weapon)
Jewellery
 c - the amulet of Biurr {Reflect -Tele rC++ rN+ rCorr SH+5}
   (You bought it in a shop on level 2 of the Orcish Mines)

   [amulet of reflection]

   It reflects blocked missile attacks.
   rC:        It greatly protects you from cold.
   rN:        It protects you from negative energy.
   -Tele:     It prevents most forms of teleportation.
   rCorr:     It protects you from acid and corrosion.
   SH:        It affects your SH (+5).
 d - a ring of protection from fire (left hand)
 g - the amulet "Qoropticw" (around neck) {RegenMP rElec Will++ Str-3 Int+4}
   (You bought it in a shop on level 1 of the Snake Pit)

   [amulet of magic regeneration]

   It increases your rate of magic regeneration.
   Str:       It affects your strength (-3).
   Int:       It affects your intelligence (+4).
   rElec:     It insulates you from electricity.
   Will:      It greatly increases your willpower.
 i - the ring "Vegicvi" (right hand) {AC+4 Str+4 Int+3 Slay+3}
   (You bought it in a shop on level 1 of the Snake Pit)

   [ring of protection]

   AC:        It affects your AC (+4).
   Str:       It affects your strength (+4).
   Int:       It affects your intelligence (+3).
   Slay:      It affects your accuracy & damage with ranged weapons and melee
   (+3).
 j - a ring of positive energy
 k - a +4 ring of protection
 m - a ring of see invisible
 o - a ring of protection from cold
 q - a ring of wizardry
 P - a ring of protection from fire
Wands
 e - a wand of charming (5)
 t - a wand of digging (24)
 u - a wand of mindburst (15)
 w - a wand of acid (36)
 x - a wand of iceblast (36)
Scrolls
 R - 8 scrolls of magic mapping {!r}
 S - a scroll of summoning
 T - 5 scrolls of teleportation
 U - 6 scrolls of fear
 W - a scroll of holy word
 X - 2 scrolls of fog
 Y - a scroll of blinking {!r}
 Z - a scroll of silence {!r}
Potions
 A - a potion of ambrosia
 D - 9 potions of brilliance
 E - 3 potions of cancellation
 F - 11 potions of curing
 H - 5 potions of haste
 I - 3 potions of invisibility
 K - 2 potions of magic
 L - 3 potions of lignification {!q}
 O - a potion of resistance
Miscellaneous
 l - a condenser vane
 z - a box of beasts


   Skills:
 - Level 9.0 Fighting
 - Level 9.0 Dodging
 - Level 2.0 Stealth
 - Level 4.0 Shields
 - Level 12.0 Spellcasting
 * Level 16.2 Conjurations
 + Level 9.1 Translocations
 - Level 6.0 Transmutations
 - Level 10.0 Fire Magic
 - Level 8.0 Ice Magic
 * Level 16.2 Air Magic
 - Level 6.0 Poison Magic
 - Level 12.0 Invocations
 - Level 8.0 Evocations


You had 10 spell levels left.
You knew the following spells:

 Your Spells              Type           Power      Damage    Failure   Level
a - Frozen Ramparts       Ice            100%       1d12      1%          3
b - Airstrike             Air            57%        N/A       1%          4
c - Freezing Cloud        Conj/Ice/Air   53%        6-21      1%          5
d - Lightning Bolt        Conj/Air       57%        1d80      1%          5
e - Ignite Poison         Fire/Tmut/Pois 63%        N/A       1%          3
f - Fireball              Conj/Fire      41%        3d17      1%          5
g - Static Discharge      Conj/Air       100%       N/A       0%          2
s - Swiftness             Air            100%       N/A       0%          3
x - Poisonous Vapours     Pois/Air       100%       N/A       1%          2

Your spell library contained the following spells:

 Spells                   Type           Power      Damage    Failure   Level
 Foxfire                  Conj/Fire      100%       2x1d9     0%          1
 Shock                    Conj/Air       100%       1d9       0%          1
 Sting                    Tmut/Pois      100%       1d8       1%          1
 Corpse Rot               Necr/Air       N/A        N/A       1%          2
 Ensorcelled Hibernation  Hex/Ice        94%        N/A       1%          2
 Passwall                 Tmut/Erth      33%        N/A       1%          2
 Conjure Flame            Conj/Fire      83%        6-21      1%          3
 Dazzling Flash           Conj/Hex       100%       N/A       1%          3
 Inner Flame              Hex/Fire       53%        N/A       1%          3
 Mephitic Cloud           Conj/Pois/Air  100%       N/A       1%          3
 Portal Projectile        Hex/Tloc       100%       N/A       1%          3
 Spider Form              Tmut/Pois      28%        N/A       1%          3
 Stone Arrow              Conj/Erth      100%       3d13      1%          3
 Hailstorm                Conj/Ice       80%        3d16      1%          4
 Ice Form                 Ice/Tmut       61%        N/A       1%          4
 Iskenderun's Mystic Bla  Conj/Tloc      82%        2d16      1%          4
 Passage of Golubria      Tloc           N/A        N/A       1%          4
 Sticky Flame             Conj/Fire      83%        2d9       1%          4
 Summon Lightning Spire   Summ/Air       85%        N/A       1%          4
 Iskenderun's Battlesphe  Conj           92%        2d14      1%          5
 Corona                   Hex            22%        N/A       2%          1
 Pain                     Necr           80%        1d8       2%          1
 Bolt of Magma            Conj/Fire/Erth 34%        4d15      2%          5
 Silence                  Hex/Air        42%        N/A       2%          5
 Summon Ice Beast         Ice/Summ       47%        N/A       5%          4
 Blade Hands              Tmut           28%        N/A       7%          5
 Call Canine Familiar     Summ           20%        N/A       9%          3
 Confusing Touch          Hex            20%        N/A       9%          3
 Tukima's Dance           Hex            20%        N/A       9%          3
 Dispersal                Tloc           35%        N/A       11%         6
 Summon Forest            Summ/Tloc      25%        N/A       12%         5
 Metabolic Englaciation   Hex/Ice        23%        N/A       16%         5
 Iron Shot                Conj/Erth      33%        9d7       16%         6
 Yara's Violent Unravell  Hex/Tmut       20%        3d9       22%         5
 Animate Armour           Summ/Erth      40%        N/A       28%         4
 Leda's Liquefaction      Hex/Erth       10%        N/A       28%         4
 Agony                    Necr           20%        N/A       61%         5
 Excruciating Wounds      Necr           10%        N/A       61%         5
 Lee's Rapid Deconstruct  Erth           10%        3d9*      61%         5
 Simulacrum               Ice/Necr       23%        N/A       63%         6
 Ozocubu's Refrigeration  Ice            32%        4d11      65%         7
 Spellforged Servitor     Conj/Summ      33%        N/A       65%         7
 Chain Lightning          Conj/Air       57%        3d76      98%         9
 Shadow Creatures         Summ           N/A        N/A       99%         6
 Disjunction              Tloc           35%        N/A       99%         8
 Borgnjor's Revivificati  Necr           10%        N/A       100%        8
 Lehudib's Crystal Spear  Conj/Erth      33%        10d8      100%        8
 Necromutation            Tmut/Necr      20%        N/A       100%        8
 Death's Door             Necr           10%        N/A       100%        9
 Fire Storm               Conj/Fire      41%        8d11      100%        9
 Polar Vortex             Ice            32%        N/A       100%        9
 Shatter                  Erth           10%        3d11*     100%        9


Dungeon Overview and Level Annotations

Branches:
Dungeon (15/15)            Temple (1/1) D:6            Lair (6/6) D:11
  Swamp (4/4) Lair:4        Snake (3/4) Lair:3        Slime (0/5) Lair:5
    Orc (2/2) D:12            Elf (0/3) Orc:2        Vaults (0/5) D:14
 Depths (0/5) D:15          Sewer (visited)           IceCv (visited)
Gauntlet (visited)

Altars:
Ashenzari
Cheibriados
Dithmenos
Elyvilon
Fedhas
Gozag
Hepliaklqana
Kikubaaqudgha
Makhleb
Nemelex Xobeh
Okawaru
Qazlal
Ru
Sif Muna
Trog
Uskayaw
Vehumet
Wu Jian
Xom
Yredelemnul
Zin
The Shining One
Jiyva

Shops:
D:8 (   D:9 *   D:11 *   D:13 ?   D:14 *[[   Orc:1 (   Orc:2 *?*!   Snake:1 ==:
Snake:2 [


Innate Abilities, Weirdness & Mutations

You have a beak for a mouth.
You have claws for feet.
Your magical nature lets you fly swiftly and evasively.


Message History

You resist. The black mamba bites you.
* * * LOW HITPOINT WARNING * * *
The salamander hits you from afar with a +0 trident!
* * * LOW HITPOINT WARNING * * *
You are engulfed in flames!
You resist.
* * * LOW HITPOINT WARNING * * *
The shock serpent misses you. The black mamba completely misses you.
Casting: Ignite Poison (safe; 1% risk of failure)
Confirm with . or Enter, or press ? or * to list all spells.
Okay, then.
You feel much better. The black mamba completely misses you.
The shock serpent completely misses you.
The salamander hits you from afar with a +0 trident.
* * * LOW HITPOINT WARNING * * *
You are engulfed in flames.
You resist.
* * * LOW HITPOINT WARNING * * *
The black mamba closely misses you. The shock serpent closely misses you.
Casting: Ignite Poison (safe; 1% risk of failure)
Confirm with . or Enter, or press ? or * to list all spells.
Aiming: Poisonous Vapours (safe; 1% risk of failure)
Press: ? - help, Dir - move target, f/p - shock serpent
Aim: a shock serpent (almost dead)
You feel a surge of power!
Poisonous vapours surround the shock serpent!
The shock serpent looks as sick as possible!
You kill the shock serpent!
Sif Muna accepts your kill. The black mamba closely misses you.
The salamander closely misses you. The black mamba barely misses you.
You block the black mamba's attack.
You feel less invigorated. The black mamba closely misses you.
You see here a shock serpent skeleton.
You block the black mamba's attack. You block the black mamba's attack.
There is a stone staircase leading up here.
The black mamba closely misses you.
The salamander hits you from afar with a +0 trident!
* * * LOW HITPOINT WARNING * * *
You are engulfed in flames.
You resist.
You die...

.#. .### #.......). ..# ..#
##...##... #.#
###.##########)..# . #.#
###......N..).)).### #.#
#...#..########..#
######.###.####..#######.##
#......<...# ##..##.....#
..#######.## ####.รท..#####
#.####..@SN...#
#....>.####...# #..#####
#...# #.## #.(.# ### #...#
#####


You could see a salamander and a black mamba.

Vanquished Creatures
  Nikola (Swamp:3)
  Jorgrun (Snake:1)
  Gastronok (Lair:2)
  2 thorn hunters
  Kirke (Snake:1)
  Donald (Snake:1)
  Louise (Swamp:4)
  2 orc warlords (Orc:1)
  Azrael (D:12)
  2 bunyips
  3 entropy weavers (D:11)
  Snorg (Lair:6)
  A minotaur (Gauntlet)
  Nessos (D:12)
  5 eleionomae
  A fire dragon (D:14)
  5 shambling mangroves
  An ice dragon (IceCv)
  Harold (D:8)
  26 hydras
  Fannar (D:12)
  Erolcha (D:11)
  6 naga warriors
  4 ghost crabs
  4 vault guards
  A catoblepas (Gauntlet)
  2 boulder beetles
  4 centaur warriors
  A death knight (D:14)
  13 anacondas
  8 two-headed ogres
  14 alligators
  A tengu warrior (D:15)
  6 death yaks
  2 vampire magi (D:15)
  5 shock serpents
  Urug (Orc:2)
  A spriggan berserker (Swamp:4)
  5 naga sharpshooters
  A storm dragon zombie (D:15)
  30 spriggans
  6 fire crabs (D:11)
  2 skeletal warriors (D:15)
  A death drake (Swamp:4)
  7 goliath frogs
  4 spriggan druids
  Pikel (D:5)
  6 bog bodies
  10 swamp dragons
  2 naga ritualists (Snake:2)
  4 orc knights
  A deep elf pyromancer (D:12)
  An orc sorcerer (Orc:1)
  A lindwurm (Lair:5)
  8 mana vipers
  A harpy (shapeshifter) (D:14)
  A necromancer (D:15)
  3 manticores
  5 will-o-the-wisps
  A fire giant zombie (D:15)
  6 ugly things
  A salamander (Snake:3)
  A stone giant zombie (D:15)
  6 cyclopes
  2 ice statues (IceCv)
  26 elephants
  3 naga magi
  28 black mambas
  Maurice (D:8)
  A smoke demon (Gauntlet)
  A moth of wrath (Gauntlet)
  A black mamba (shapeshifter) (D:13)
  4 guardian serpents (Snake:1)
  A torpor snail (Lair:5)
  A molten gargoyle (Gauntlet)
  Maggie (Lair:2)
  2 gargoyles (Gauntlet)
  An apocalypse crab (D:11)
  15 cane toads
  4 unseen horrors
  8 rime drakes
  A rime drake (shapeshifter) (D:15)
  A tengu conjurer (D:15)
  13 komodo dragons
  A red devil (Gauntlet)
  6 polar bears
  6 meliai
  A bloated husk (Swamp:1)
  A troll (shapeshifter) (Orc:1)
  6 trolls
  13 blink frogs
  25 hornets
  8 tyrant leeches
  8 dream sheep (Lair:6)
  A fire dragon zombie (D:15)
  6 slime creatures (D:12)
  A shadow (D:13)
  Sigmund (D:5)
  3 wraiths
  6 wyverns
  68 yaks
  Eustachio (D:5)
  2 fire elementals (D:12)
  2 hogs (Snake:1)
  7 basilisks
  2 steam dragons
  Menkaure (D:5)
  22 nagas
  13 vampire mosquitoes
  16 swamp worms
  A harpy simulacrum (D:13)
  An acid dragon (D:13)
  23 water moccasins
  2 hell hounds
  2 ice beasts
  39 orc warriors
  5 swamp drakes
  3 sky beasts
  4 black bears
  2 necrophages
  22 wolves
  4 boggarts (Lair:6)
  17 centaurs
  8 ogres
  4 lemures (D:5)
  A kobold brigand (D:9)
  4 scorpions
  11 bullfrogs
  3 lindwurm simulacra (IceCv)
  5 killer bees (D:8)
  13 wights
  2 howler monkeys
  7 komodo dragon simulacra (IceCv)
  A bullfrog zombie (D:5)
  5 centaur zombies
  3 crimson imps (Gauntlet)
  A hound (D:6)
  A jelly (D:7)
  A centaur skeleton (D:7)
  14 orc priests
  Crazy Yiuf (D:5)
  A gnoll shaman (D:9)
  6 iguanas
  10 orc wizards
  A hound zombie (D:5)
  Robin (D:4)
  7 gnolls
  7 acid dragon simulacra (IceCv)
  9 adders
  2 shadow imps
  12 white imps (D:12)
  An ufetubus (D:6)
  4 steam dragon simulacra (IceCv)
  A worm (D:3)
  62 orcs
  9 ball pythons
  8 bats
  5 endoplasms
  4 giant cockroaches
  16 goblins
  13 hobgoblins
  2 jackals (D:1)
  14 kobolds
  6 quokkas
  9 frilled lizards
  7 rats
  A spectral orc (D:13)
  A bush (Lair:3)
1019 creatures vanquished.

Vanquished Creatures (collateral kills)
  An orc priest (Orc:1)
  An orc (Orc:1)
2 creatures vanquished.

Vanquished Creatures (others)
  A cyclops (D:12)
  A tyrant leech (Swamp:1)
  A bloated husk (Swamp:1)
  5 humans (Snake:1)
  A vampire mosquito (Swamp:4)
  An orc (Orc:1)
  A bush (Lair:6)
  4 demonic plants (Gauntlet)
  25 foxfires
  38 fungi
  120 plants
  7 withered plants (D:15)
205 creatures vanquished.

Grand Total: 1226 creatures vanquished

Notes
Turn   | Place    | Note
-------+----------+-------------------------------------------
     0 | D:1      | wakim the Tengu Air Elementalist began the quest for the
                  | Orb.
     0 | D:1      | Reached XP level 1. HP: 10/10 MP: 4/4
   410 | D:1      | Reached XP level 2. HP: 15/15 MP: 4/6
   434 | D:1      | Learned a level 2 spell: Static Discharge
   634 | D:1      | Reached XP level 3. HP: 19/19 MP: 3/7
  1221 | D:1      | Learned a level 3 spell: Swiftness
  1294 | D:2      | Reached skill level 5 in Air Magic
  2019 | D:2      | Reached XP level 4. HP: 24/24 MP: 5/8
  2777 | D:3      | Found a glowing drain.
  2830 | Sewer    | Entered a sewer
  3138 | Sewer    | Gained mutation: Your magical nature lets you fly swiftly
                  | and evasively. [Tengu growth]
  3138 | Sewer    | Reached XP level 5. HP: 28/28 MP: 5/9
  3963 | D:3      | Found a broken altar of Ashenzari.
  4213 | D:3      | Found a burning altar of Makhleb.
  4320 | D:4      | Reached skill level 5 in Conjurations
  4320 | D:4      | Reached XP level 6. HP: 31/32 MP: 2/11
  4395 | D:4      | Noticed Robin
  4607 | D:4      | Noticed a necrophage
  4760 | D:4      | Learned a level 4 spell: Airstrike
  4832 | D:4      | Killed Robin
  4945 | D:4      | Killed a necrophage
  4946 | D:4      | Reached XP level 7. HP: 36/36 MP: 8/12
  4976 | D:4      | Found an ornate altar of the Wu Jian Council.
  5404 | D:4      | Identified the +0 hat of the Sunfish {rF+ Str+6 Dex-3}
  5514 | D:4      | Found an opulent altar of Gozag.
  5621 | D:4      | Found a shimmering altar of Xom.
  5829 | D:4      | Learned a level 2 spell: Poisonous Vapours
  5843 | D:5      | Entered Level 5 of the Dungeon
  5853 | D:5      | Noticed Eustachio
  5947 | D:5      | Killed Eustachio
  6252 | D:5      | Noticed Pikel
  6581 | D:5      | Noticed Menkaure
  6585 | D:5      | Killed Menkaure
  6819 | D:5      | Reached XP level 8. HP: 41/41 MP: 8/15
  7622 | D:5      | Noticed Sigmund
  7694 | D:6      | Reached skill level 10 in Air Magic
  9036 | D:6      | Noticed a yak
  9037 | D:6      | Noticed a yak
  9112 | D:6      | Noticed a yak
  9833 | D:6      | Killed a yak
  9834 | D:6      | Reached XP level 9. HP: 45/45 MP: 8/16
 10121 | D:6      | Found a staircase to the Ecumenical Temple.
 10134 | D:6      | Reached skill level 1 in Fighting
 10138 | Temple   | Entered the Ecumenical Temple
 10966 | D:7      | Found a glowing golden altar of the Shining One.
 11277 | D:7      | Reached skill level 5 in Spellcasting
 11491 | D:7      | Learned a level 5 spell: Freezing Cloud
 11701 | D:8      | Noticed Maurice
 11857 | D:8      | Reached skill level 1 in Shields
 11974 | D:5      | Killed Pikel
 12144 | D:5      | Reached XP level 10. HP: 49/56 MP: 6/19
 12145 | D:5      | Reached skill level 5 in Dodging
 12317 | D:5      | Found a runed translucent door.
 12318 | D:5      | Noticed Crazy Yiuf
 12324 | D:5      | Killed Crazy Yiuf
 12509 | D:5      | Killed Sigmund
 12692 | D:8      | Killed Maurice
 12978 | D:8      | Reached skill level 5 in Fighting
 13354 | D:8      | Noticed Harold
 13360 | D:8      | Killed Harold
 13702 | D:8      | Found Qayf's Antique Weapon Shop.
 13709 | D:8      | Reached skill level 1 in Ice Magic
 13709 | D:8      | Reached skill level 1 in Poison Magic
 13709 | D:8      | Reached skill level 1 in Evocations
 13709 | D:8      | Reached XP level 11. HP: 63/64 MP: 13/21
 14721 | D:9      | Noticed a two-headed ogre
 14884 | D:9      | Killed a two-headed ogre
 15979 | D:9      | Found a hide-covered altar of Uskayaw.
 15988 | D:9      | Found a shimmering blue altar of Sif Muna.
 15991 | D:9      | Became a worshipper of Sif Muna the Loreminder
 16019 | D:9      | Found Osai's General Store.
 16022 | D:9      | Bought a scroll of identify for 28 gold pieces
 16038 | D:10     | Entered Level 10 of the Dungeon
 16418 | D:10     | Noticed a two-headed ogre
 16439 | D:10     | Killed a two-headed ogre
 17475 | D:11     | Noticed a two-headed ogre
 17497 | D:11     | Killed a two-headed ogre
 17498 | D:11     | Reached skill level 1 in Invocations
 17577 | D:11     | Found a staircase to the Lair.
 17661 | D:11     | Noticed a death yak
 17661 | D:11     | Noticed a death yak
 17661 | D:11     | Noticed a death yak
 17684 | D:11     | Killed a death yak
 17685 | D:11     | Reached skill level 5 in Evocations
 17730 | D:11     | Killed a death yak
 18154 | D:11     | Noticed Erolcha
 18162 | D:11     | Killed Erolcha
 18163 | D:11     | Reached XP level 12. HP: 70/70 MP: 1/22
 18822 | D:11     | Found Gakij's General Store.
 18960 | D:11     | Found a runed translucent door.
 19288 | D:11     | Reached skill level 5 in Invocations
 19362 | D:11     | Noticed an entropy weaver
 19860 | D:11     | Killed an entropy weaver
 20571 | D:11     | Noticed an entropy weaver
 20584 | D:11     | Killed an entropy weaver
 20670 | D:11     | Noticed a ghost crab
 20671 | D:11     | Noticed an entropy weaver
 21547 | Lair:1   | Entered Level 1 of the Lair of Beasts
 22002 | Lair:1   | Reached * piety under Sif Muna
 23142 | Lair:2   | Noticed Gastronok
 23321 | Lair:2   | Reached XP level 13. HP: 76/76 MP: 2/23
 23506 | Lair:2   | Reached skill level 10 in Conjurations
 23535 | Lair:2   | Noticed Maggie
 24406 | Lair:2   | Killed Maggie
 24620 | Lair:2   | Killed Gastronok
 24815 | Lair:2   | Reached ** piety under Sif Muna
 25849 | Lair:3   | Learned a level 4 spell: Sticky Flame
 25984 | Lair:3   | Found a staircase to the Snake Pit.
 26206 | Lair:3   | Reached skill level 1 in Fire Magic
 26214 | Lair:3   | Learned a level 3 spell: Ignite Poison
 27067 | Lair:4   | Reached *** piety under Sif Muna
 27440 | Lair:4   | Reached skill level 5 in Poison Magic
 27440 | Lair:4   | Reached XP level 14. HP: 84/84 MP: 7/26
 27536 | Lair:4   | Found a staircase to the Swamp.
 28344 | Lair:5   | Found a viscous altar of Jiyva.
 28344 | Lair:5   | Found a staircase to the Slime Pits.
 28397 | Lair:5   | Found a gate leading to a gauntlet.
 28405 | Gauntlet | Entered a Gauntlet
 28405 | Gauntlet | Found a transporter.
 28416 | Gauntlet | Found a transporter.
 28416 | Gauntlet | Found a transporter.
 28427 | Gauntlet | Found a transporter.
 28430 | Gauntlet | Found a transporter.
 28448 | Gauntlet | Found a transporter.
 28461 | Gauntlet | Found a transporter.
 28472 | Gauntlet | Found a transporter.
 28473 | Gauntlet | Noticed a quicksilver ooze
 28481 | Gauntlet | Found the +7 captain's cutlass {speed, disarm}
 28483 | Gauntlet | Found a transporter.
 28507 | Gauntlet | Found a transporter.
 28521 | Gauntlet | Found a transporter.
 28523 | Gauntlet | Found a transporter.
 28569 | Gauntlet | Found a transporter.
 28593 | Gauntlet | Found a transporter.
 29575 | Lair:5   | Reached skill level 5 in Fire Magic
 30840 | Lair:6   | Entered Level 6 of the Lair of Beasts
 31082 | Lair:6   | Reached skill level 10 in Invocations
 31116 | Lair:5   | Reached **** piety under Sif Muna
 31998 | Lair:6   | Reached XP level 15. HP: 90/90 MP: 13/29
 32120 | Lair:6   | Noticed Snorg
 32131 | Lair:6   | Killed Snorg
 33353 | Lair:6   | Reached ***** piety under Sif Muna
 33522 | Lair:6   | Received a gift from Sif Muna
 33592 | Lair:6   | Got Sif Muna's Compendium of the Arsonist {god gift}
 33599 | Lair:6   | Learned a level 5 spell: Fireball
 33916 | Lair:6   | Reached skill level 5 in Ice Magic
 35167 | D:12     | Noticed Fannar
 35170 | D:12     | Killed Fannar
 35275 | D:12     | Found a glowing golden altar of the Shining One.
 35322 | D:12     | Found a frozen archway.
 35369 | IceCv    | Entered an ice cave
 35654 | IceCv    | Received a gift from Sif Muna
 35720 | IceCv    | Got Taisoov's Guide on Hexes and the Escort {god gift}
 35726 | IceCv    | Learned a level 4 spell: Summon Lightning Spire
 36037 | IceCv    | Reached skill level 10 in Spellcasting
 36476 | IceCv    | Got the Reference Book on the Frostbite
 36717 | D:12     | Found a staircase to the Orcish Mines.
 36760 | D:12     | Noticed Azrael
 37057 | D:12     | Noticed Nessos
 37061 | D:12     | Killed Nessos
 37175 | D:12     | Killed Azrael
 37745 | D:13     | Reached XP level 16. HP: 95/96 MP: 16/31
 37823 | D:13     | Got the Volume of Weightlessness and Venom
 38068 | D:13     | Found Yqucuk's Magic Scroll Emporium.
 38074 | D:13     | Bought a scroll of amnesia for 56 gold pieces
 38648 | D:13     | Identified the +6 chain mail of Uskayaw's Pride {Int+3}
 38759 | D:13     | Found a basalt altar of Yredelemnul.
 38822 | Orc:1    | Entered Level 1 of the Orcish Mines
 38882 | Orc:1    | Found Jogitz Igin's Antique Weapon Shop.
 39760 | Orc:1    | Received a gift from Sif Muna
 39761 | Orc:1    | Got Sif Muna's Reference Book on Confrontation {god gift}
 39826 | D:12     | Learned a level 3 spell: Frozen Ramparts
 39826 | D:12     | Identified a scroll of acquirement
 39826 | D:12     | Acquired a staff of air
 39837 | D:12     | Learned a level 5 spell: Lightning Bolt
 39954 | Orc:1    | Identified the +1 leather armour "Erad" {rC+ Will+}
 39958 | Orc:1    | Identified the +1 leather armour "Joeg" {*Corrode rF+
                  | Int+7}
 40005 | Orc:1    | Identified the +1 ring mail "Sinn" {rC+ rN+}
 40072 | Orc:2    | Entered Level 2 of the Orcish Mines
 40072 | Orc:2    | Found a staircase to the Elven Halls.
 40074 | Orc:2    | Noticed Urug
 40079 | Orc:2    | Killed Urug
 41623 | Orc:2    | Found Suish's Assorted Antiques.
 41623 | Orc:2    | Found Joruisac's Magic Scroll Shop.
 41623 | Orc:2    | Found Xunelucw's Assorted Antiques.
 41626 | Orc:2    | Found Puagul's Distillery.
 41630 | Orc:2    | Bought a fizzy black potion for 27 gold pieces
 41630 | Orc:2    | Bought a sedimented ruby potion for 27 gold pieces
 41634 | Orc:2    | Bought a scroll of identify for 28 gold pieces
 41637 | Orc:2    | Bought an ancient ruby amulet for 135 gold pieces
 41637 | Orc:2    | Identified the amulet of Biurr {Reflect -Tele rC++ rN+
                  | rCorr SH+5} (You bought it in a shop on level 2 of the
                  | Orcish Mines)
 41655 | Orc:2    | Bought a potion of heal wounds for 65 gold pieces
 41655 | Orc:2    | Bought a potion of resistance for 130 gold pieces
 42057 | Orc:2    | Bought 2 scrolls of magic mapping for 189 gold pieces
 42059 | Orc:2    | Bought a scroll of teleportation for 42 gold pieces
 42064 | Orc:2    | Bought a potion of invisibility for 104 gold pieces
 42064 | Orc:2    | Bought a potion of brilliance for 52 gold pieces
 42064 | Orc:2    | Bought a potion of cancellation for 104 gold pieces
 42220 | D:14     | Found Bypil's Armour Emporium.
 42223 | D:14     | Bought the +3 hat of Pondering {ponderous, Will+ MP+10
                  | Int+5} for 457 gold pieces
 42223 | D:14     | Found the +3 hat of Pondering {ponderous, Will+ MP+10
                  | Int+5}
 42273 | D:14     | Found Sorr's Assorted Antiques.
 42912 | D:14     | You are sucked into a shaft and drop 1 floor!
 42912 | D:15     | Entered Level 15 of the Dungeon
 43343 | D:15     | Reached skill level 1 in Translocations
 43684 | D:15     | Found a staircase to the Depths.
 43717 | D:15     | Reached skill level 1 in Transmutations
 45563 | D:14     | Reached skill level 10 in Fire Magic
 46062 | D:14     | Found a gate to the Vaults.
 46115 | D:14     | Found Rofosuom's Armour Boutique.
 46492 | D:14     | Acquired 526 gold pieces
 46656 | Swamp:1  | Entered Level 1 of the Swamp
 46657 | Swamp:1  | You are sucked into a shaft and drop 1 floor!
 46673 | Swamp:2  | Reached XP level 17. HP: 100/100 MP: 21/32
 47082 | Swamp:2  | Acquired the +0 pair of gloves "Uhoor" {rElec}
 48673 | Swamp:2  | You are sucked into a shaft and drop 1 floor!
 49367 | Swamp:2  | Reached skill level 5 in Translocations
 49489 | Swamp:2  | Learned a level 2 spell: Static Discharge
 51280 | Swamp:4  | Entered Level 4 of the Swamp
 51518 | Swamp:4  | Noticed Nikola
 51647 | Swamp:3  | Killed Nikola
 53101 | Swamp:4  | Reached XP level 18. HP: 105/105 MP: 29/34
 53723 | Swamp:4  | Reached skill level 15 in Air Magic
 53744 | Swamp:4  | Reached skill level 15 in Conjurations
 54890 | Swamp:4  | Reached skill level 5 in Transmutations
 54897 | Swamp:4  | Noticed Louise
 55041 | Swamp:4  | Killed Louise
 55722 | Swamp:4  | Got a decaying rune of Zot
 55983 | Snake:1  | Entered Level 1 of the Snake Pit
 56232 | Snake:1  | Noticed Jorgrun
 56274 | Snake:1  | Killed Jorgrun
 56660 | Snake:1  | Noticed Kirke
 56666 | Snake:1  | Killed Kirke
 56704 | Snake:1  | Found Ipecw's Jewellery Shop.
 56930 | Snake:1  | Found Pyijazym's Book Emporium.
 56932 | Snake:1  | Found Qyqouh's Jewellery Shop.
 56945 | Snake:1  | Bought the ring "Vegicvi" {AC+4 Str+4 Int+3 Slay+3} for
                  | 1406 gold pieces
 56950 | Snake:1  | Bought the Tome of Combat Magic for 644 gold pieces
 56952 | Snake:1  | Bought the amulet "Qoropticw" {RegenMP rElec Will++ Str-3
                  | Int+4} for 763 gold pieces
 57478 | Snake:1  | Noticed Donald
 57484 | Snake:1  | Killed Donald
 57546 | Snake:1  | Received a gift from Sif Muna
 57575 | Snake:1  | Got Sif Muna's Reference Book on Moulding and Stones {god
                  | gift}
 58985 | Snake:2  | Reached XP level 19. HP: 108/110 MP: 36/36
 59405 | Snake:2  | Found Tuphocs's Antique Armour Emporium.
 59763 | Snake:3  | HP: 3/110 [salamander (7)]
 59771 | Snake:3  | HP: 3/110 [salamander (15)]
 59771 | Snake:3  | Slain by a salamander

Illustrated notes

Levels and vault maps discovered:
D:1:      tarquinn_simple_flora_water_c, layout_basic, serial_bayou_lagoon_a
D:2:      layout_loops_ring, serial_forest, infiniplex_forest_straight_4,
          infiniplex_forest_clump_curved, infiniplex_forest_straight_3,
          infiniplex_forest_lined_2, infiniplex_forest_end_double,
          infiniplex_forest_3_way, infiniplex_forest_clump_curved
D:3:      layout_loops_ring, general_overflow_altar,
          mainiacjoe_overflow_alcove_2, portal_sewer_entry_f, st_stairs_10,
          minmay_misc_feat_cross, chequers_big_river, grunt_ministairs_10
D:4:      layout_gridville, pdpol_wu_jian_five_deadly_venoms,
          mainiacjoe_overflow_24_doors, lemuel_doored_altar,
          guppyfry_early_lair_pool, uniq_robin
D:5:      layout_loops_ring, uniq_eustachio, uniq_pikel, uniq_menkaure,
          uniq_crazy_yiuf_cottage, uniq_sigmund
D:6:      layout_basic, minmay_temple_entry_trees, lemuel_another_geyser
D:7:      layout_cave_pools, overflow_temple_1_default
D:8:      black_bear_nest_2, layout_rooms, serial_shops, shop_fountains,
          uniq_maurice, uniq_harold
D:9:      layout_basic, mainiacjoe_overflow_swirl, serial_shops,
          nicolae_shop_behind_doors
D:10:     layout_basic, serial_curves, eino_curves_04, eino_curves_04
D:11:     gammafunk_mikee_crab_dinner, layout_basic, dpeg_lair_monsters,
          serial_shops, nicolae_shop_competitors_out_of_business, uniq_erolcha
D:12:     layout_cave_pools, david_orc_3, portal_ice_cave_entry_imps,
          nicolae_tso_carved_into_rock, uniq_nessos, uniq_azrael, uniq_fannar
D:13:     layout_loops_ring, serial_shops, shop, serial_glass, glass_columns_a,
          glass_columns_c, item_on_display_a, due_unseen_surprise,
          minmay_strange_pillars, minmay_strange_pillars,
          yredelemnul_forgotten_temple_becter
D:14:     layout_basic, lightli_vaults_fourway_checkpoint, serial_shops,
          shop_fountains, shop, nicolae_shop_stone
D:15:     gammafunk_depths_entry_grave, layout_basic, nrook_uturn,
          nzn_life_drinkers
Temple:   nicolae_temple_great_sept
Lair:1:   layout_small_grid, beast_lair_carwin_9
Lair:2:   layout_regular_city, grunt_megastairs_1, uniq_maggie, uniq_gastronok
Lair:3:   layout_gridlike, guppyfry_snake_entry_island, grunt_megastairs_3
Lair:4:   layout_cave_pods, palyth_hydra_swamp_entry,
          infiniplex_staircase_pool_2, serial_bayou_shore_a, lemuel_fruit_fields
Lair:5:   layout_hall_layers, slime_altar_1, gauntlet_entry_generic,
          chequers_serial_rivers_small_3
Lair:6:   minmay_lair_end_enchanted_forest, layout_cave_shapes,
          wad_woods_road_02, uniq_snorg
Swamp:1:  layout_basic_swamp, evilmike_swamp_ruin_rubble_1, swamp_pool2
Swamp:2:  layout_basic_swamp, evilmike_swamp_ruin_house_3, swamp_pool1
Swamp:3:  layout_basic_swamp, evilmike_swamp_ruin_house_1, swamp_pool3,
          lightli_tree_ring
Swamp:4:  swamp_basic_johnstein, layout_basic_swamp, swamp_pool3,
          nicolae_swamp_alligator_family, uniq_nikola, uniq_louise
Snake:1:  layout_misc_corridors, special_room, hangedman_snake_corridor_cut,
          minmay_shop_grove, uniq_donald, uniq_jorgrun, uniq_kirke
Snake:2:  layout_gridlike, serial_shops, nicolae_stop_n_shop_1,
          grunt_megastairs_4
Snake:3:  layout_rooms
Orc:1:    layout_caves, serial_shops, nicolae_shop_stone, minmay_orc_treasury
Orc:2:    st_orc_rangers, layout_caves, uniq_urug

Skill      XL: |  1  2  3  4  5  6  7  8  9 10 11 12 13 14 15 16 17 18 19 |
---------------+----------------------------------------------------------+-----
Conjurations   | 2 3 4 5 6 8 9 12 13 14 15 16 | 16.2
Air Magic      | 5 6 7 9 11 12 13 14 15 16 | 16.2
Spellcasting   | 3 4 5 6 7 9 10 11 12 | 12.0
Fighting       | 3 6 8 9 |  9.0
Dodging        | 4 8 9 |  9.0
Shields        | 3 4 |  4.0
Ice Magic      | 1 4 5 7 8 |  8.0
Poison Magic   | 1 4 5 6 |  6.0
Evocations     | 1 5 6 8 |  8.0
Invocations    | 4 8 10 11 12 | 12.0
Fire Magic     | 2 7 9 10 | 10.0
Translocations | 3 6 8 9 |  9.1
Transmutations | 2 4 6 |  6.0
Stealth        | |  2.0

Action                   |  1- 3 |  4- 6 |  7- 9 | 10-12 | 13-15 | 16-18 | 19-21 || total
-------------------------+-------+-------+-------+-------+-------+-------+-------++-------
Melee: Short sword       |       |    10 |    18 |    62 |   331 |    53 |       ||   474
       Kick              |       |     2 |       |    12 |   106 |    29 |     4 ||   153
       Peck              |       |     1 |     2 |     9 |    70 |    20 |     2 ||   104
       Cutlass           |       |       |       |       |    44 |       |       ||    44
       Dagger            |       |       |       |       |    16 |       |       ||    16
       Staff             |       |       |       |       |       |    72 |    16 ||    88
 Cast: Shock             |    40 |    92 |   114 |    25 |    12 |       |       ||   283
       Static Discharge  |     3 |    12 |    32 |    14 |    40 |    26 |       ||   127
       Airstrike         |       |     1 |    27 |    93 |    53 |    11 |       ||   185
       Poisonous Vapours |       |       |    22 |    59 |   116 |   215 |    10 ||   422
       Swiftness         |       |       |     8 |     5 |     4 |     7 |     1 ||    25
       Freezing Cloud    |       |       |     3 |    47 |   107 |    21 |       ||   178
       Ignite Poison     |       |       |       |       |    71 |   134 |     6 ||   211
       Sticky Flame      |       |       |       |       |    40 |     3 |       ||    43
       Fireball          |       |       |       |       |    23 |    19 |     2 ||    44
       Summon Lightning  |       |       |       |       |     2 |     1 |       ||     3
       Lightning Bolt    |       |       |       |       |       |   386 |    24 ||   410
       Frozen Ramparts   |       |       |       |       |       |     6 |       ||     6
Invok: Channel Magic     |       |       |       |       |     7 |    10 |     1 ||    18
       Forget Spell      |       |       |       |       |       |     3 |       ||     3
Evoke: Wand              |       |       |       |       |       |     2 |       ||     2
  Use: Scroll            |     5 |     3 |     9 |     9 |     6 |     8 |       ||    40
       Potion            |       |       |     3 |     1 |     4 |     3 |     1 ||    12
 Stab: Sleeping          |       |       |     1 |       |       |       |       ||     1
Armor: Robe              |     1 |    11 |    23 |    25 |    49 |       |       ||   109
       Troll leather arm |       |       |       |       |    91 |    27 |       ||   118
       Leather armour    |       |       |       |       |       |    98 |     9 ||   107
Dodge: Dodged            |     3 |    30 |    63 |   150 |   561 |   468 |    47 ||  1322
Block: Buckler           |       |       |       |    30 |   148 |   164 |    11 ||   353
       Reflection        |       |       |       |       |       |     3 |       ||     3
